Map: [ESL] Data-C

Players

Future

  • Race: Terran Terran
  • Spawn Location: 3:00

Lambo - Winner!

  • Race: Zerg Zerg
  • Spawn Location: 9:00

Event: DreamHack SC2 Masters 2022 Atlanta (Offline)

VOD

Have the link to the VOD?

Description

Time

  • Played on: Nov. 18, 2022, 6:45 p.m.
  • Length: 14:45

All games in this series

Show
View Real Time Build Order
Export as new Build Order

Future Terran 

Build Orders: Command Center First (CC) 

Get SALT Encoding   

  12  0:00  SCV  
  13  0:12  SCV  
  14  0:17  Supply Depot  
  14  0:24  SCV  
  15  0:38  SCV  
  16  0:51  SCV  
  17  0:59  Command Center  
  17  1:03  SCV  
  18  1:15  SCV  
  18  1:16  Barracks  
  19  1:21  Refinery  
  19  1:27  SCV  
  19  1:30  Refinery  
  20  1:39  SCV  
  21  1:51  SCV  
  22  2:03  Orbital Command  
  22  2:05  Reaper  
  23  2:10  Orbital Command  
  23  2:19  Factory  
  23  2:31  SCV  
  24  2:38  Barracks Reactor  
  24  2:39  SCV  
  24  2:43  SCV  
  26  2:51  SCV  
  27  2:53  Supply Depot  
  27  2:55  SCV  
  28  3:03  SCV  
  31  3:07  SCV, Starport  
  32  3:15  SCV  
  32  3:19  SCV  
  32  3:21  Hellion  
  32  3:22  Hellion, Barracks Tech Lab  
  32  3:25  Command Center  
  36  3:27  SCV  
  36  3:31  SCV  
  38  3:38  Supply Depot  
  38  3:39  SCV  
  39  3:43  SCV, Stimpack  
  39  3:46  Viking  
  42  3:51  SCV  
  43  3:55  SCV  
  43  4:00  Barracks  
  44  4:03  Barracks, SCV  
  44  4:04  Factory Reactor  
  44  4:05  Marine  
  44  4:07  SCV  
  44  4:08  Supply Depot  
  47  4:16  SCV  
  48  4:18  Starport Tech Lab  
  48  4:20  SCV  
  49  4:24  Engineering Bay x2  
  49  4:25  Marine  
  49  4:28  SCV  
  51  4:32  SCV  
  51  4:34  Refinery  
  51  4:35  Supply Depot, Refinery  
  51  4:38  Orbital Command  
  52  4:40  SCV  
  52  4:43  Starport Reactor  
  52  4:44  SCV  
  54  4:52  SCV  
  55  4:53  Terran Infantry Armor Level 1, Terran Infantry Weapons Level 1  
  55  4:55  Marine  
  55  4:56  SCV, Orbital Command, Marine  
  55  4:57  Marine x2  
  55  4:58  Marine  
  61  5:04  Siege Tank  
  61  5:06  SCV  
  66  5:11  SCV  
  66  5:16  Supply Depot  
  66  5:18  SCV, Bunker  
  66  5:19  Marine x2  
  66  5:20  Marine  
  70  5:22  Combat Shield  
  70  5:23  SCV  
  70  5:24  SCV  
  70  5:27  Marine  
  73  5:30  SCV  
  73  5:32  Supply Depot  
  74  5:35  SCV  
  74  5:36  SCV  
  74  5:37  Siege Tank  
  74  5:38  Medivac x2  
  74  5:39  Supply Depot  
  74  5:42  SCV  
  84  5:46  Supply Depot, Marine  
  84  5:48  SCV x2  
  87  5:50  Marine x2  
  87  5:51  Marine  
  87  5:52  Marine  
  87  5:56  SCV  
  92  6:00  SCV  
  93  6:04  Barracks x2, Marine  
  93  6:06  SCV  
  93  6:08  Marine x2  
  93  6:09  Marine  
  93  6:10  SCV, Marine  
  100  6:12  SCV  
  100  6:16  Siege Tank  
  104  6:19  SCV  
  104  6:21  Supply Depot  
  104  6:22  Supply Depot, Marine  
  104  6:23  Armory  
  104  6:24  Supply Depot  
  106  6:25  SCV  
  106  6:26  SCV, Marine  
  109  6:33  SCV  
  109  6:35  Marine x2  
  109  6:38  SCV  
  109  6:39  Command Center  
  113  6:40  SCV  
  113  6:44  Marine  
  113  6:45  Marine x2  
  117  6:47  SCV, Refinery  
  117  6:49  Siege Tank  
  117  6:51  Refinery  
  117  6:53  Barracks Reactor  
  122  6:54  Barracks Reactor  
  123  7:02  Marine x2  
  123  7:05  Supply Depot x2  
  120  7:11  Marine  
  120  7:12  Marine  
  120  7:13  Marine  
  123  7:17  Terran Infantry Armor Level 2, Terran Infantry Weapons Level 2  
  123  7:19  Factory  
  123  7:21  Marine  
  124  7:28  Siege Tank, Marine  
  128  7:31  Marine  
  128  7:33  Marine x3  
  128  7:34  Marine x3  
  128  7:35  SCV  
  136  7:39  Marine  
  136  7:40  Barracks x2  
  136  7:43  Barracks  
  137  7:46  Marine  
  137  7:48  SCV, Marine  
  137  7:49  SCV x2  
  137  7:51  Marine x3  
  142  7:52  Marine x3  
  142  7:57  Marine  
  149  8:01  SCV  
  149  8:02  SCV  
  149  8:04  Marine  
  149  8:05  Factory Reactor  
  152  8:07  Widow Mine, Sensor Tower  
  152  8:10  Drilling Claws  
  152  8:11  SCV  
  155  8:20  Marine  
  155  8:21  Marauder, Marine x6  
  155  8:22  Marine  
  155  8:25  SCV x3  
  168  8:31  Supply Depot  
  168  8:34  Supply Depot  
  168  8:36  Supply Depot, Planetary Fortress  
  168  8:37  SCV  
  168  8:38  Marine x4  
  173  8:42  Barracks Tech Lab x3  
  173  8:45  Widow Mine x2  
  173  8:46  Widow Mine  
  177  8:52  Marine  
  177  8:53  Marauder  
  177  8:54  SCV  
  180  8:57  SCV  
  180  8:59  Marine  
  166  9:03  SCV, Marine x7  
  166  9:08  Marauder x2  
  178  9:10  Marine  
  178  9:14  Marine  
  178  9:16  Widow Mine x3  
  161  9:17  Marine  
  161  9:21  Marine x5  
  161  9:22  Marine  
  161  9:24  Sensor Tower, Marauder  
  167  9:28  Marine  
  174  9:31  Marauder x2  
  174  9:32  Marauder  
  174  9:35  Marine  
  174  9:37  Medivac  
  179  9:39  Marine x2  
  181  9:46  Marauder  
  181  9:47  Marine  
  181  9:48  Marine x2  
  181  9:50  Terran Vehicle And Ship Armor Level 1, Terran Infantry Weapons Level 3  
  190  9:52  Marauder  
  190  9:53  Marauder  
  190  9:54  Marine x2  
  190  9:56  Marine x2  
  190  9:58  Terran Infantry Armor Level 3  
  190  9:59  Marine  
  195  10:08  Marine  
  195  10:09  Marauder  
  195  10:10  Command Center, Widow Mine  
  195  10:16  Marauder  
  197  10:21  Command Center  
  197  10:27  Widow Mine  
  199  10:33  Marauder  
  200  10:51  Barracks  
  200  10:52  Barracks x2  
  200  10:55  Command Center  
  200  11:16  Marauder x2  
  200  11:17  Marine x2  
  199  11:23  Barracks  
  199  11:25  Barracks  
  199  11:26  Barracks  
  199  11:30  Command Center  
  199  11:31  Command Center  
  199  11:33  Command Center  
  199  11:35  Marine  
  199  11:36  Marauder x2, Marine  
  200  11:46  Concussive Shells  
  198  11:47  Terran Vehicle And Ship Armor Level 2  
  198  11:53  Medivac  
  200  11:58  Planetary Fortress  
  200  12:06  Barracks Tech Lab  
  200  12:07  Barracks Reactor  
  200  12:08  Barracks Reactor  
  200  12:22  Marauder, Orbital Command  
  185  12:23  Marine  
  185  12:24  Marauder x2, Marine x8  
  185  12:25  Widow Mine x2  
  185  12:29  Medivac x2  
  194  12:32  Marauder  
  172  12:41  Marine x3  
  172  12:42  Marine x6  
  172  12:43  Marine x3  
  165  12:44  Marine x2, Orbital Command x2  
  165  12:48  Marine x5  
  165  12:50  Widow Mine x2  
  165  12:51  Widow Mine  
  176  12:53  Marauder  
  178  12:59  Medivac x2, Marine x8  
  178  13:00  Marauder  
  178  13:01  Marauder  
  178  13:03  Marauder x2  
  198  13:11  Marine x7  
  198  13:12  Widow Mine x3  
  189  13:14  Marauder  
  189  13:17  Marine x6  
  189  13:18  Marine  
  189  13:19  Marine  
  170  13:21  Marauder  
  170  13:23  Marauder  
  170  13:24  Marauder x2  
  150  13:28  Marine  
  150  13:29  Medivac x2, Marine  
  150  13:31  Marine x2  
  150  13:33  Widow Mine x3  
  164  13:36  Marauder  
  164  13:40  Marine  
  167  13:43  Marauder  
  167  13:44  Marauder  
  167  13:46  Marauder x2  
  175  13:52  Marine  
  165  13:57  Marauder, Marine  
  165  13:58  Marine  
  165  14:01  Marine x2  
  141  14:04  Marauder, Marine  
  141  14:05  Marauder  
  141  14:07  Marauder x2  
  141  14:08  Marine x2  
  143  14:10  Marine  
  143  14:11  Marine x2  
  143  14:12  Marine  
  144  14:17  Marine  
  144  14:18  Marauder, Marine x2  
  144  14:23  Marine x2  
  150  14:26  Marine  
  150  14:27  Missile Turret, Marine  
Show
View Real Time Build Order
Export as new Build Order

Lambo Zerg - Winner!

Build Orders: Hatch First, Lurkers 

Get SALT Encoding   

  12  0:00  Drone  
  13  0:12  Overlord  
  13  0:17  Drone  
  14  0:31  Drone x2  
  16  0:48  Hatchery  
  15  0:51  Drone  
  15  0:55  Drone  
  17  0:57  Drone  
  18  1:09  Extractor  
  17  1:12  Spawning Pool  
  17  1:16  Drone  
  17  1:20  Drone  
  18  1:28  Drone  
  19  1:39  Drone  
  20  1:50  Drone  
  21  1:59  Queen x2  
  21  2:00  Zergling x4  
  27  2:10  Drone  
  27  2:11  Overlord  
  28  2:22  Hatchery  
  27  2:23  Drone  
  27  2:29  Drone  
  29  2:34  Drone x2  
  31  2:38  Queen  
  33  2:44  Overlord  
  33  2:48  Metabolic Boost  
  33  2:52  Drone  
  33  2:56  Drone x2  
  36  3:04  Queen  
  39  3:05  Drone  
  39  3:13  Drone x4  
  43  3:22  Drone  
  43  3:24  Overlord  
  44  3:28  Overlord  
  44  3:33  Queen  
  46  3:35  Drone  
  46  3:36  Queen  
  49  3:43  Drone x2  
  49  3:44  Drone  
  49  3:46  Overlord  
  49  3:47  Zergling x2  
  53  3:49  Drone x2  
  53  3:52  Drone x2  
  57  3:56  Drone x2  
  59  4:04  Overlord  
  59  4:05  Drone x2  
  59  4:09  Queen  
  63  4:14  Drone x4  
  63  4:16  Queen  
  69  4:21  Overlord  
  69  4:22  Drone x2  
  71  4:24  Zergling x2  
  71  4:25  Zergling x2  
  71  4:29  Overlord  
  73  4:31  Lair  
  73  4:34  Extractor  
  73  4:36  Overlord  
  73  4:38  Zergling x4  
  74  4:40  Drone x2  
  74  4:41  Drone  
  77  4:51  Hatchery  
  76  4:53  Drone x3  
  76  4:54  Drone  
  76  4:55  Drone  
  76  4:56  Baneling Nest  
  76  4:57  Drone x2  
  76  4:58  Drone  
  83  5:00  Drone x2  
  83  5:03  Extractor  
  83  5:06  Drone  
  85  5:07  Extractor  
  85  5:11  Overlord  
  84  5:17  Drone x3  
  84  5:19  Queen  
  89  5:21  Overlord  
  89  5:22  Evolution Chamber x2  
  89  5:23  Zergling x6  
  89  5:26  Drone x2  
  92  5:29  Overlord  
  92  5:30  Drone  
  92  5:32  Drone x2  
  92  5:35  Overlord  
  94  5:43  Zergling x4  
  94  5:45  Centrifugal Hooks  
  94  5:46  Drone x2  
  94  5:49  Zerg Ground Armor Level 1, Zerg Melee Weapons Level 1  
  99  5:50  Zergling x8  
  99  5:51  Baneling x3  
  101  6:00  Zergling x6  
  101  6:01  Hatchery  
  103  6:05  Zergling x6  
  103  6:06  Zergling x2  
  103  6:07  Overlord  
  103  6:09  Spore Crawler  
  103  6:11  Drone x3  
  109  6:15  Drone x2  
  111  6:24  Overlord  
  111  6:25  Zergling x10  
  116  6:29  Drone x3  
  116  6:30  Drone  
  116  6:31  Zergling x6  
  123  6:34  Zergling x2  
  123  6:37  Baneling  
  123  6:38  Baneling x4  
  123  6:39  Baneling x3  
  124  6:40  Zergling x4  
  124  6:46  Zergling x6  
  129  6:51  Zergling x8  
  133  7:00  Drone x2  
  133  7:01  Overlord  
  134  7:03  Zergling x20  
  140  7:10  Zergling x2, Hatchery  
  140  7:14  Drone x3  
  143  7:16  Extractor  
  143  7:19  Zergling x10  
  147  7:24  Hatchery  
  147  7:27  Zergling x12  
  152  7:30  Drone  
  152  7:31  Drone x2, Overlord  
  152  7:35  Zergling x10  
  160  7:41  Zergling x6  
  160  7:42  Infestation Pit, Baneling x6  
  162  7:45  Zergling x6  
  162  7:46  Baneling x5  
  162  7:47  Baneling x2  
  165  7:54  Overlord  
  165  7:55  Overlord  
  165  7:57  Zergling x4  
  165  7:58  Zergling x12  
  173  7:59  Baneling x2  
  173  8:00  Baneling  
  173  8:03  Overlord  
  173  8:04  Overlord x2  
  173  8:05  Zerg Melee Weapons Level 2, Zerg Ground Armor Level 2  
  173  8:11  Zergling x2  
  173  8:12  Overlord  
  176  8:13  Zergling x12  
  176  8:14  Zergling x10  
  176  8:15  Baneling x7  
  176  8:17  Zergling x2  
  183  8:21  Zergling x4  
  183  8:22  Baneling x9  
  183  8:25  Zergling x8  
  183  8:26  Overlord  
  189  8:29  Hive  
  189  8:31  Zergling x6  
  189  8:35  Drone x5  
  189  8:40  Zergling x12  
  197  8:57  Zergling x8  
  197  9:00  Zergling x28  
  197  9:02  Zergling x2  
  194  9:05  Drone x2  
  194  9:09  Zergling x10  
  198  9:15  Zergling x10  
  184  9:20  Drone x3  
  184  9:21  Hydralisk Den  
  184  9:22  Extractor  
  181  9:25  Zergling x4  
  181  9:28  Drone x3  
  186  9:35  Zergling x14  
  186  9:36  Overseer, Baneling x2  
  186  9:38  Drone x3  
  196  9:41  Hatchery  
  196  9:42  Zergling x10, Extractor  
  198  9:48  Overseer  
  198  9:49  Zergling x8  
  198  9:51  Baneling x4  
  199  9:56  Muscular Augments, Adrenal Glands  
  199  10:11  Hatchery  
  194  10:14  Zergling x10  
  194  10:17  Overlord  
  194  10:19  Viper  
  194  10:20  Viper x2  
  197  10:29  Zergling x8  
  198  10:42  Zerg Ground Armor Level 3, Zerg Melee Weapons Level 3  
  197  10:45  Zergling x2  
  197  10:46  Zergling x4, Extractor  
  199  10:50  Overseer  
  199  10:52  Extractor  
  199  10:53  Overseer  
  198  11:04  Lurker Den  
  198  11:07  Grooved Spines  
  196  11:14  Hydralisk x4  
  195  11:25  Zergling x8  
  199  11:30  Hatchery  
  199  11:32  Unknown  
  196  11:47  Spore Crawler  
  196  11:53  Zergling x10  
  199  12:05  Spire  
  199  12:07  Baneling x6  
  198  12:09  Pneumatized Carapace  
  198  12:19  Zergling x36  
  192  12:26  Hydralisk x6  
  191  12:30  Zergling x16  
  191  12:35  Extractor  
  174  12:39  Zergling x32  
  174  12:43  Zergling x44  
  194  12:48  Zergling x2, Baneling x11  
  195  12:53  Baneling x13  
  195  12:54  Seismic Spines  
  195  13:03  Zergling x14  
  199  13:11  Zergling x2  
  199  13:12  Zergling x26  
  190  13:14  Zergling x14  
  190  13:19  Zergling x4  
  181  13:22  Zergling x2  
  181  13:23  Zergling x6  
  174  13:29  Hydralisk x2  
  174  13:30  Zergling x10  
  174  13:33  Baneling x13  
  179  13:35  Zergling x14  
  179  13:37  Lurker x9  
  195  13:44  Drone x3  
  195  13:46  Zergling x2  
  195  13:48  Baneling x7  
  199  13:51  Overlord  
  191  13:57  Zergling x28  
  191  14:00  Zergling x12  
  188  14:04  Zergling x8  
  188  14:09  Hydralisk x3  
  192  14:24  Zergling x16  
  197  14:41  Spore Crawler  
Tags
 
Add a new tag
Caveats
  • Supply blocks, unpowered buildings, or Contaminate may cause inaccurate times.
  • Supply counts are checked every 10 seconds.